 Dungeon Crawl Stone Soup version 0.30-b1-2-g02819fbbbe (webtiles) character file.

Game seed: 13275507025456543358

155624 synk the Executioner (level 17, -2/170 HPs)
             Began as a Hill Orc Fighter on Jan 11, 2024.
             Was an Elder of Wu Jian.
             Drowned by a water nymph (8 damage)
             ... on level 4 of the Shoals on Jan 12, 2024.
             The game lasted 01:58:26 (32006 turns).

synk the Executioner (Hill Orc Fighter)            Turns: 32006, Time: 01:58:27

Health: -2/170     AC: 33    Str: 33    XL:     17   Next: 65%
Magic:  17/17      EV:  8    Int:  8    God:    Wu Jian [****..]
Gold:   2775       SH: 21    Dex: 10    Spells: 16/16 levels left

rFire   . . .        h - +3 broad axe (flame)
rCold   . . .        D - +0 tower shield
rNeg    . . .        Y - +18 Lear's hauberk
rPois   .            (helmet currently unavailable)
rElec   .            e - +0 cloak
rCorr   .            (gloves currently unavailable)
SInv    .            (boots currently unavailable)
Will    +....        b - amulet of reflection Stlth
                     c - ring of flight
HPRegen 0.48/turn    a - +6 ring of strength
MPRegen 0.15/turn

%: reflection
@: engulfed (cannot breathe), flying
A: no striking features
a: Renounce Religion, Wall Jump, Serpent's Lash


You were on level 4 of the Shoals.
You worshipped Wu Jian.
Wu Jian was greatly pleased with you.
You visited 5 branches of the dungeon, and saw 27 of its levels.
You also visited: Ossuary and Gauntlet.

You collected 2775 gold pieces.

Inventory:

Hand Weapons
 h - a +3 broad axe of flaming (weapon)
Missiles
 g - 3 throwing nets {=F}
 n - 4 silver boomerangs
 v - 10 curare-tipped darts {=F}
 G - 71 poisoned darts
 S - 23 boomerangs
 V - 5 silver javelins
Armour
 e - a +0 cloak (worn)
 w - the +3 pair of seven-league boots {Rampage+∞}
   (You found it on level 3 of the Lair of Beasts)

   Rampage+∞: When moving toward enemies, its wearer moves as far as possible.
 x - a +1 helmet
 D - a +0 tower shield (worn)
 Y - the +18 Lear's hauberk (worn)
   (You found it on level 7 of the Dungeon)
Jewellery
 a - a +6 ring of strength (right hand)
 b - an amulet of reflection (around neck)
 c - a ring of flight (left hand)
Wands
 d - a wand of digging (5)
 f - a wand of flame (34) (quivered)
 j - a wand of acid (17)
 p - a wand of paralysis (18)
 r - a wand of roots (23)
 s - a wand of mindburst (7)
 P - a wand of polymorph (14)
Scrolls
 k - 2 scrolls of enchant armour
 t - 4 scrolls of butterflies
 y - 2 scrolls of immolation
 B - 8 scrolls of blinking
 C - 3 scrolls of poison
 E - a scroll of fear
 F - 3 scrolls of fog
 J - 3 scrolls of silence {!r}
 L - 4 scrolls of torment
 Q - 3 scrolls of enchant weapon
 T - 8 scrolls of teleportation
 Z - 5 scrolls of brand weapon
Potions
 o - a potion of ambrosia {unknown}
 q - 10 potions of curing
 u - 4 potions of mutation {!q}
 z - 9 potions of brilliance
 A - 2 potions of attraction
 H - 2 potions of haste {!q}
 K - 3 potions of magic {!q}
 M - 2 potions of might
 N - 2 potions of cancellation {!q}
 R - 4 potions of resistance
 W - 4 potions of heal wounds {!q}
 X - a potion of flight
Miscellaneous
 l - a lightning rod (4/4)
 O - a box of beasts
 U - a phantom mirror


   Skills:
 + Level 19.9 Fighting
 + Level 22.6 Axes
 - Level 15.0 Armour
 + Level 13.2 Shields
 - Level 10.0 Evocations


You had 16 spell levels left.
You didn't know any spells.
Your spell library contained the following spells:

 Spells                   Type           Power      Damage    Failure   Level
 Apportation              Tloc           0%         N/A       94%         1
 Necrotise                Necr           0%         1d4       94%         1
 Summon Small Mammal      Summ           0%         N/A       94%         1
 Blink                    Tloc           0%         N/A       98%         2
 Lesser Beckoning         Tloc           0%         N/A       98%         2
 Momentum Strike          Conj/Tloc      0%         3d8       98%         2
 Gell's Gravitas          Tloc           0%         N/A       100%        3
 Inner Flame              Hex/Fire       0%         N/A       100%        3
 Teleport Other           Tloc           0%         N/A       100%        3
 Vhi's Electric Charge    Tloc/Air       0%         N/A       100%        3
 Animate Armour           Summ/Erth      0%         N/A       100%        4
 Flame Wave               Conj/Fire      0%         2d4       100%        4
 Leda's Liquefaction      Hex/Erth       0%         N/A       100%        4
 Sticky Flame             Conj/Fire      0%         2d3       100%        4
 Arcjolt                  Conj/Air       0%         1d10      100%        5
 Blade Hands              Tmut           0%         N/A       100%        5
 Lee's Rapid Deconstruct  Erth           0%         3d4*      100%        5
 Summon Forest            Summ/Tloc      0%         N/A       100%        5
 Dispersal                Tloc           0%         N/A       100%        6
 Eringya's Noxious Bog    Tmut/Pois      0%         N/A       100%        6
 Iron Shot                Conj/Erth      0%         9d1       100%        6
 Plasma Beam              Fire/Air       0%         2x1d11    100%        6
 Statue Form              Tmut/Erth      0%         N/A       100%        6
 Summon Hydra             Summ           0%         N/A       100%        7


Dungeon Overview and Level Annotations

Branches:
Dungeon (15/15) Zot: 21992  Temple (1/1) D:4 Zot: 5835    Lair (5/5) D:9 Zot: 23750
 Shoals (4/4) Lair:2 Zot: 19764   Snake (0/4) Lair:3        Slime (0/5) Lair:5
    Orc (2/2) D:12 Zot: 10274     Elf (0/3) Orc:2        Vaults (0/5) D:14
 Depths (0/4) D:15        Ossuary (visited)         Gauntlet (visited)

Altars:
Ashenzari
Cheibriados
Dithmenos
Elyvilon
Fedhas
Gozag
Hepliaklqana
Kikubaaqudgha
Makhleb
Nemelex Xobeh
Okawaru
Qazlal
Ru
Sif Muna
Trog
Uskayaw
Vehumet
Wu Jian
Xom
Yredelemnul
Zin
The Shining One
Beogh
Jiyva

Shops:
D:5 *   D:10 (   Orc:2 ?*(:

Portals:
Trove: D:15 (give 6 potions of haste)

Annotations:
D:4 3 runed translucent doors, exclusion: 3 doors, Discosetron's ghost, amateur DEEE
D:5 exclusion: statue
D:10 3 runed translucent doors, exclusion: 3 doors, Discosetron's ghost, journeyman DjVM
D:12 2 transporters
D:15 2 runed translucent doors, exclusion: 2 doors, Vuirau's ghost, journeyman DsGl
Lair:2 2 transporters, exclusion: downstairs, emiel's ghost, journeyman OgEE
Lair:5 2 transporters, exclusion: downstairs, Termiter's ghost, journeyman DsNe
Shoals:3 1 runed translucent door, exclusion: door, Alarkh's ghost, adept DsAr


Message History

The water rises up and strikes you!
* * * LOW HITPOINT WARNING * * *
Really quaff
W - 7 potions of heal wounds {!q}?
You feel much better.
* * * LOW HITPOINT WARNING * * *
Your lungs strain for air!
You block the water elemental's attack. x2
The merfolk avatar chants its luring song.
The water nymph touches you. The water nymph drowns you!
* * * LOW HITPOINT WARNING * * *
Really quaff
W - 6 potions of heal wounds {!q}?
You feel much better.
* * * LOW HITPOINT WARNING * * *
Your lungs strain for air!
You block the water elemental's attack.
A merfolk comes into view. It is wielding a +0 trident.
You block the water elemental's attack.
The merfolk avatar chants its luring song.
The merfolk siren closely misses you. The water nymph touches you.
The water nymph drowns you!
* * * LOW HITPOINT WARNING * * *
Okay, then.
You cannot read scrolls while unable to breathe!
Unknown command.
Really quaff
N - 3 potions of cancellation {!q}?
Your magical effects are unravelling.
You feel magically purged.
* * * LOW HITPOINT WARNING * * *
Your lungs strain for air!
You break out of your daze.
You block the water elemental's attack. x2
The water nymph points at you and mumbles some strange words.
The water rises up and strikes you!
* * * LOW HITPOINT WARNING * * *
The merfolk siren chants a haunting song.
You resist.
Really quaff
W - 5 potions of heal wounds {!q}?
You feel much better.
* * * LOW HITPOINT WARNING * * *
Your lungs strain for air!
You block the water elemental's attack.
The merfolk avatar chants a haunting song.
You resist. You block the water elemental's attack.
The merfolk closely misses you.
The merfolk siren chants a haunting song.
You resist. You block the manticore's attack. The manticore claws you!
* * * LOW HITPOINT WARNING * * *
You block the manticore's attack. The water nymph touches you.
The water nymph drowns you!
You die...

.~~~≈≈~~~~~~.###***..#**,,~~~~*****
~~~~~~~~~.H~...###...##**,,,,*****~
~~~~....~~~~~.!......~##********~~~
≈~~~..E..)~)~~.......~~##*****~~~~~
≈~~...###.~.~<..#....~~~~^~~~~~~~~~
~~~..## #.~~~~~.~..~..~~~~~~~~~~~~~
~~~m.,**#.~~~~~m..~[~~~~~~~~~~~~~~~
≈≈~<....m.~~~~~~Em~~~~~~~~~~~~~~~~~
≈≈≈~~...~~~~~~~~H@~m~~~≈≈~~~~~~,,,,
~~~~~~~.~~~...~~Em~~~~~≈≈~~~~~,,,**
~~~~~~~~~~~...~~~~~~~≈≈≈≈~~~~~,,**,
~~~,.~~~~~~...~~~~≈≈m≈~~~~~~~,,,*,,
~,,,,.~~~~~~..~~~≈≈≈≈~~~~~~~,,,,+,,
~,,,,,,~~~~~~~~~~≈≈≈~~~~~~~,,,,,*,,
,,,,,,,~~*####~~~~~~~~~~~~,,,,,,**,
,,,,,,,,**,,,##~~~~~~~~~~,,,,,,,,**
,,,,,,,,*,,,,,*~~~,~~~,,,,,,,,,,,,,


You could see a merfolk avatar, 2 merfolk, 2 manticores, 2 water elementals, a
merfolk siren and a water nymph.

Vanquished Creatures
  Jorgrun (Shoals:1)
  2 krakens
  A stone giant (D:15)
  A vampire knight (D:13)
  Snorg (D:14)
  A minotaur (Gauntlet)
  A merfolk impaler (Shoals:4)
  Josephine (Orc:2)
  An ettin (D:13)
  A fire dragon (Lair:5)
  2 yaktaur captains (D:13)
  Fannar (Lair:1)
  2 vault guards (D:14)
  4 hydras
  An alligator snapping turtle (Shoals:4)
  A rakshasa (D:8)
  2 ogre magi (D:15)
  A death knight (D:8)
  8 boulder beetles
  3 merfolk avatars
  2 centaur warriors (D:13)
  5 tengu warriors
  15 two-headed ogres
  3 merfolk aquamancers
  14 death yaks
  Nergalle (D:10)
  A skeletal warrior (D:8)
  13 skysharks
  Amaemon (D:8)
  A swamp dragon (Lair:5)
  8 sea snakes
  A deep elf archer (D:13)
  Pikel (D:4)
  6 orc knights
  3 deep elf pyromancers
  17 harpies
  2 orc sorcerers (Orc:2)
  9 manticores
  13 ugly things
  8 cyclopes
  A salamander (shapeshifter) (D:15)
  2 wolf spiders (Lair:5)
  3 large abominations (Gauntlet)
  17 fauns
  2 guardian serpents
  7 merfolk sirens
  5 elephants
  A torpor snail (Lair:3)
  7 black mambas
  4 water nymphs
  An orange demon (D:8)
  2 gargoyles
  2 unseen horrors
  17 cane toads
  Maggie (D:7)
  3 rime drakes
  4 kobold demonologists
  2 yaktaurs (D:13)
  An efreet (D:13)
  9 komodo dragons
  3 tengu conjurers
  A polar bear (Lair:3)
  3 meliai (D:14)
  6 wind drakes
  15 merfolk
  4 hornets
  9 trolls
  9 blink frogs (Lair:4)
  Grinder (D:5)
  4 snapping turtles
  13 dream sheep
  7 slime creatures
  A centaur simulacrum (Gauntlet)
  8 water elementals
  A vampire (D:10)
  14 wyverns
  2 shadows (D:12)
  7 wraiths
  9 humans (D:14)
  3 basilisks
  39 yaks
  Grum (D:8)
  7 vampire mosquitoes (D:12)
  3 wargs
  2 nagas (Lair:3)
  Edmund (D:5)
  A hydra simulacrum (Gauntlet)
  4 acid dragons
  19 water moccasins
  2 swamp drakes (Lair:5)
  2 black bears
  3 ice beasts
  30 orc warriors
  6 ogres
  12 wolves
  21 centaurs
  A phantom (D:12)
  8 kobold brigands
  3 elf zombies (D:6)
  4 small abominations (Gauntlet)
  13 bullfrogs
  3 scorpions
  A gnoll sergeant (D:8)
  18 wights
  A hornet simulacrum (Gauntlet)
  3 troll zombies (D:12)
  13 killer bees
  2 electric eels
  5 howler monkeys
  6 centaur zombies (Ossuary)
  2 gnoll boudas
  A human zombie (D:6)
  3 jellies
  4 hounds
  12 orc priests
  Crazy Yiuf (D:2)
  Ijyb (D:4)
  A human skeleton (D:6)
  6 iguanas
  A sleepcap (D:7)
  20 orc wizards
  2 scorpion zombies (D:3)
  5 ogre zombies (D:12)
  A boggart simulacrum (Gauntlet)
  A hound zombie (D:3)
  3 hound skeletons (D:3)
  5 mummies (Ossuary)
  8 adders
  14 gnolls
  2 white imps
  2 adder zombies (D:3)
  4 dart slugs
  70 orcs
  8 ball pythons
  2 endoplasms
  4 giant cockroaches
  12 hobgoblins
  10 jackals
  7 quokkas
  5 ball python skeletons (D:3)
  A ball python zombie (D:3)
  10 bats
  A giant cockroach zombie (D:3)
  10 goblins
  4 goblin skeletons (D:12)
  3 goblin zombies (D:12)
  2 hobgoblin skeletons (D:12)
  4 hobgoblin zombies
  23 kobolds
  An orc skeleton (D:12)
  14 orc zombies
  5 rats
  A spectral hobgoblin (D:10)
  3 tentacles
904 creatures vanquished.

Vanquished Creatures (others)
  A vault guard (D:14)
  A manticore (Shoals:3)
  Psyche (D:10)
  5 slime creatures (D:15)
  A kobold brigand (D:12)
  2 iguanas (Lair:5)
  3 orc wizards
  31 fungi
  112 plants
  16 tentacles
  3 withered plants (D:3)
176 creatures vanquished.

Grand Total: 1080 creatures vanquished

Notes
Turn   | Place    | Note
-------+----------+-------------------------------------------
     0 | D:1      | synk the Hill Orc Fighter began the quest for the Orb.
     0 | D:1      | Reached XP level 1. HP: 19/19 MP: 1/1
     2 | D:1      | Noticed an electric eel
   208 | D:1      | Reached skill level 3 in Axes
   208 | D:1      | Reached XP level 2. HP: 27/27 MP: 2/2
   458 | D:1      | Reached XP level 3. HP: 29/33 MP: 3/3
  1218 | D:2      | Reached XP level 4. HP: 35/40 MP: 4/4
  1545 | D:2      | Found a faded altar of an unknown god.
  1546 | D:2      | Noticed a floating eye
  1548 | D:2      | Noticed an eye of devastation
  1548 | D:2      | Noticed an eye of devastation
  1548 | D:2      | Noticed an eye of devastation
  1637 | D:2      | Found a runed translucent door.
  1638 | D:2      | Noticed Crazy Yiuf
  1648 | D:2      | Killed Crazy Yiuf
  1649 | D:2      | Reached skill level 4 in Axes
  1777 | D:3      | Reached XP level 5. HP: 47/47 MP: 5/5
  1829 | D:3      | Reached skill level 5 in Axes
  1853 | D:3      | Reached skill level 5 in Fighting
  2049 | D:3      | Reached XP level 6. HP: 56/56 MP: 6/6
  2070 | D:3      | Reached skill level 6 in Axes
  2745 | D:4      | Reached skill level 7 in Axes
  2949 | D:4      | Found a sparkling altar of Nemelex Xobeh.
  2949 | D:4      | Found a stormy altar of Qazlal.
  2950 | D:4      | Found an ornate altar of the Wu Jian Council.
  2977 | D:4      | Found a runed translucent gate.
  2977 | D:4      | Found a runed translucent gate.
  2978 | D:4      | Found a runed translucent gate.
  2980 | D:4      | Noticed Discosetron's ghost (amateur DEEE)
  3078 | D:4      | Reached XP level 7. HP: 57/62 MP: 7/7
  3205 | D:4      | Found a staircase to the Ecumenical Temple.
  3219 | Temple   | Entered the Ecumenical Temple
  3477 | D:4      | Became a worshipper of the Wu Jian Council
  3658 | D:4      | Noticed Ijyb
  3668 | D:4      | Killed Ijyb
  3950 | D:5      | Entered Level 5 of the Dungeon
  3957 | D:5      | Reached skill level 8 in Axes
  4152 | D:5      | Noticed Pikel
  4203 | D:4      | Killed Pikel
  4204 | D:4      | Reached skill level 10 in Axes
  4204 | D:4      | Reached XP level 8. HP: 35/73 MP: 3/8
  4388 | D:5      | Found a radiant altar of Vehumet.
  4447 | D:5      | Noticed Grinder
  4456 | D:5      | Paralysed by Grinder for 2 turns
  4471 | D:5      | Killed Grinder
  4682 | D:5      | Found Ulo Hurig's General Store.
  4786 | D:5      | Noticed Edmund
  4808 | D:5      | Reached skill level 11 in Axes
  4824 | D:5      | Killed Edmund
  5016 | D:5      | Identified the +2 scale mail of a bailey {rF+}
  5176 | D:6      | Reached XP level 9. HP: 77/82 MP: 7/9
  5254 | D:6      | Reached skill level 12 in Axes
  5256 | D:6      | Found a sand-covered staircase.
  5278 | Ossuary  | Entered an ossuary
  5307 | Ossuary  | Reached * piety under Wu Jian
  5836 | D:6      | Reached skill level 13 in Axes
  6076 | D:6      | Found an iron altar of Okawaru.
  6958 | D:7      | Noticed a troll
  7010 | D:7      | Killed a troll
  7403 | D:7      | Reached skill level 10 in Fighting
  7403 | D:7      | Reached skill level 14 in Axes
  7425 | D:7      | Reached XP level 10. HP: 19/93 MP: 6/10
  7985 | D:7      | Found the +18 Lear's hauberk
  8148 | D:7      | Noticed Maggie
  8161 | D:7      | Killed Maggie
  8633 | D:7      | Reached ** piety under Wu Jian
  8827 | D:8      | Reached skill level 15 in Axes
  8906 | D:8      | Reached skill level 5 in Shields
  8999 | D:8      | Noticed Amaemon
  9016 | D:8      | Noticed an orange demon
  9023 | D:8      | Killed Amaemon
  9030 | D:8      | Killed an orange demon
  9084 | D:8      | Noticed a two-headed ogre
  9084 | D:8      | Noticed a kobold demonologist
  9084 | D:8      | Noticed a rakshasa
  9084 | D:8      | Noticed a boulder beetle
  9296 | D:8      | Noticed a two-headed ogre
  9315 | D:8      | Killed a two-headed ogre
  9316 | D:8      | Reached XP level 11. HP: 81/104 MP: 9/11
  9511 | D:9      | Reached skill level 16 in Axes
  9584 | D:9      | Reached *** piety under Wu Jian
  9672 | D:9      | Found a staircase to the Lair.
 10530 | D:10     | Entered Level 10 of the Dungeon
 10544 | D:10     | Noticed Psyche
 10578 | D:10     | Killed Psyche
 10807 | D:10     | Found an opulent altar of Gozag.
 10970 | D:10     | Noticed Nergalle
 10978 | D:10     | Killed Nergalle
 11111 | D:10     | Found an ancient bone altar of Kikubaaqudgha.
 11193 | D:10     | Found a hazy altar of Hepliaklqana.
 11222 | D:10     | Found Voicafea's Weapon Shop.
 11271 | D:10     | Identified the +0 ring mail "Jacygyoc" {rElec rPois Slay-4}
 11383 | D:10     | Found a runed translucent gate.
 11383 | D:10     | Found a runed translucent gate.
 11386 | D:10     | Noticed a nine-headed hydra
 11386 | D:10     | Noticed Discosetron's ghost (journeyman DjVM)
 11387 | D:10     | Found a runed translucent gate.
 11388 | D:10     | Noticed a ten-headed hydra
 11668 | D:11     | Noticed a two-headed ogre
 11674 | D:11     | Killed a two-headed ogre
 11683 | D:11     | Reached skill level 17 in Axes
 11778 | D:11     | Noticed a boulder beetle
 11800 | D:11     | Killed a boulder beetle
 11811 | D:11     | Reached XP level 12. HP: 115/115 MP: 12/12
 12059 | D:11     | Reached **** piety under Wu Jian
 12588 | D:12     | Noticed a centaur warrior
 12588 | D:12     | Noticed a boulder beetle
 12588 | D:12     | Found a transporter.
 12590 | D:12     | Noticed a tengu reaver
 12593 | D:12     | Noticed an ettin
 12596 | D:12     | Found a transporter.
 12596 | D:12     | Found the amulet of Vitality {RegenMP++ Regen++}
 12598 | D:12     | Noticed a boulder beetle
 12754 | Lair:1   | Entered Level 1 of the Lair of Beasts
 12970 | Lair:1   | Found a gate leading to a gauntlet.
 12977 | Gauntlet | Entered a Gauntlet
 12977 | Gauntlet | Found a transporter.
 13115 | Gauntlet | Found a transporter.
 13131 | Gauntlet | Found a transporter.
 13135 | Gauntlet | Found a transporter.
 13148 | Gauntlet | Found a transporter.
 13163 | Gauntlet | Noticed an entropy weaver
 13166 | Gauntlet | Found a transporter.
 13170 | Gauntlet | Found a transporter.
 13183 | Gauntlet | Noticed a ghost crab
 13186 | Gauntlet | Found a transporter.
 13205 | Gauntlet | Found a transporter.
 13207 | Gauntlet | Found a transporter.
 13211 | Gauntlet | Found a runed translucent door.
 13211 | Gauntlet | Found a runed translucent door.
 13215 | Gauntlet | Found a transporter.
 13234 | Gauntlet | Found a transporter.
 13282 | Gauntlet | Identified the ring "Nyfomn" {MP+9 Slay+3}
 13286 | Gauntlet | Identified the ring of Semnoi Giheg {*Corrode rF++ Int+6}
 13340 | Gauntlet | Reached skill level 5 in Armour
 13432 | Gauntlet | Noticed a minotaur
 13448 | Gauntlet | Killed a minotaur
 13660 | Lair:1   | Reached skill level 10 in Shields
 13841 | Lair:1   | Noticed Fannar
 13866 | Lair:1   | Killed Fannar
 13866 | Lair:1   | Reached ***** piety under Wu Jian
 14253 | Lair:2   | Found a staircase to the Shoals.
 14284 | Lair:2   | Found a transporter.
 14284 | Lair:2   | Found a transporter.
 14285 | Lair:2   | Noticed emiel's ghost (journeyman OgEE)
 14542 | Lair:2   | Reached XP level 13. HP: 125/125 MP: 13/13
 14820 | Lair:2   | Reached skill level 1 in Evocations
 15591 | Lair:3   | Found a staircase to the Snake Pit.
 15697 | Lair:3   | Reached skill level 5 in Evocations
 16141 | Lair:3   | Found the +3 pair of seven-league boots {Rampage+∞}
 17049 | Lair:4   | Identified the +4 ring mail "Nukoycoc" {Rampage rElec Dex+2
                  | Slay-3}
 17602 | Lair:5   | Entered Level 5 of the Lair of Beasts
 17665 | Lair:5   | Found a staircase to the Slime Pits.
 17666 | Lair:5   | Found a viscous altar of Jiyva.
 17686 | Lair:5   | Reached skill level 10 in Evocations
 17694 | Lair:5   | Reached XP level 14. HP: 118/133 MP: 14/14
 17743 | Lair:5   | Noticed Termiter's ghost (journeyman DsNe)
 17762 | Lair:5   | Found a transporter.
 17784 | Lair:5   | Found a transporter.
 17822 | Lair:5   | Found a bloodstained altar of Trog.
 18348 | Lair:5   | Reached skill level 10 in Armour
 18921 | Lair:5   | Reached skill level 15 in Fighting
 19618 | D:8      | Reached skill level 18 in Axes
 19717 | D:8      | Noticed Grum
 19730 | D:8      | Killed Grum
 19875 | D:8      | Identified the staff of death "Uxia" {*Slow rN+ Int+8 SInv}
 20747 | D:12     | Reached XP level 15. HP: 143/143 MP: 15/15
 20836 | D:12     | You fall into a shaft and drop 3 floors!
 20836 | D:15     | Entered Level 15 of the Dungeon
 20943 | D:12     | Found a staircase to the Orcish Mines.
 21332 | D:13     | Reached skill level 19 in Axes
 21658 | Orc:1    | Entered Level 1 of the Orcish Mines
 21832 | Orc:2    | Entered Level 2 of the Orcish Mines
 21856 | Orc:2    | Reached ****** piety under Wu Jian
 21861 | Orc:2    | Noticed Josephine
 21873 | Orc:2    | Killed Josephine
 21896 | Orc:2    | Found Nuojad's Weapon Shoppe.
 21896 | Orc:2    | Found Bovveqoh's Assorted Antiques.
 21898 | Orc:2    | Found Voicvete's Magic Scroll Boutique.
 21900 | Orc:2    | Found Buicugh's Book Emporium.
 22229 | Orc:2    | Found a roughly hewn altar of Beogh.
 22372 | Orc:2    | Found a staircase to the Elven Halls.
 23206 | Orc:1    | Found a burning altar of Makhleb.
 24062 | D:13     | Reached skill level 20 in Axes
 25851 | D:14     | Noticed Snorg
 25857 | D:14     | Killed Snorg
 25858 | D:14     | Reached XP level 16. HP: 157/157 MP: 16/16
 25942 | D:14     | Found a bloodstained altar of Trog.
 26455 | D:14     | Found a gate to the Vaults.
 26606 | D:15     | Found a portal to a secret trove of treasure.
 26624 | D:15     | Reached skill level 21 in Axes
 26812 | D:15     | Found a large runed translucent door.
 26812 | D:15     | Found a large runed translucent door.
 26817 | D:15     | Noticed Vuirau's ghost (journeyman DsGl)
 27034 | D:15     | Found a white marble altar of Elyvilon.
 27255 | D:15     | Found a staircase to the Depths.
 27708 | Shoals:1 | Entered Level 1 of the Shoals
 27787 | Shoals:1 | You are sucked into a shaft and drop 1 floor!
 28514 | Shoals:1 | Noticed Jorgrun
 28526 | Shoals:1 | Killed Jorgrun
 28661 | Shoals:1 | Reached XP level 17. HP: 63/168 MP: 17/17
 29382 | Shoals:1 | Reached skill level 15 in Armour
 29736 | Shoals:2 | Reached skill level 22 in Axes
 30474 | Shoals:2 | Found a sacrificial altar of Ru.
 30479 | Shoals:2 | Noticed a kraken
 30491 | Shoals:2 | Killed a kraken
 30759 | Shoals:3 | Found a runed translucent door.
 30765 | Shoals:3 | Noticed Alarkh's ghost (adept DsAr)
 31076 | Shoals:3 | Noticed a kraken
 31113 | Shoals:3 | Killed a kraken
 31905 | Shoals:4 | Entered Level 4 of the Shoals
 31954 | Shoals:4 | Noticed a kraken
 32002 | Shoals:4 | HP: 2/170 [water nymph/the raging water (11)]
 32006 | Shoals:4 | Drowned by a water nymph

Illustrated notes

Levels and vault maps discovered:
D:1:      arrival_aquarium_a, layout_basic
D:2:      layout_rooms, hellmonk_ecumenical_altar_watching_god,
          guppyfry_early_orc_mine, uniq_crazy_yiuf_cottage
D:3:      layout_loops_ring, serial_undead, serial_undead_d, serial_undead_b,
          serial_undead_e, serial_undead_d, serial_undead_c, serial_undead_f,
          serial_undead_f, serial_bayou_pond_b, grunt_ministairs_14
D:4:      layout_loops_corners, gammafunk_temple_overflow_claw,
          minmay_temple_entry_trees, gammafunk_ghost_split, uniq_ijyb
D:5:      layout_gridville, vehumet_statue, serial_shops, shop,
          kennysheep_generic_room_7, uniq_pikel, uniq_edmund, uniq_grinder
D:6:      layout_basic, kennysheep_okawaru_gauntlet,
          nicolae_ossuary_entry_catacombs
D:7:      layout_gridville, hellmonk_guarded_unrand_lears, uniq_maggie
D:8:      minmay_the_grid_triangle_9x9_recursive_2
          [minmay_the_grid_triangle_9x9_prize_top_heavy,
          minmay_the_grid_triangle_9x9_shrine,
          minmay_the_grid_triangle_9x9_corrupted_corridor,
          minmay_the_grid_triangle_9x9_impossible_snake], layout_basic,
          uniq_amaemon, uniq_grum
D:9:      layout_roguey, erik_lair_orcish_takeover
D:10:     layout_roguey, lemuel_doored_altar,
          nicolae_hepliaklqana_monster_ancestors, kennysheep_mini_moat,
          serial_shops, shop, gammafunk_ghost_hydra_chop, uniq_psyche,
          uniq_nergalle
D:11:     layout_long_grid
D:12:     gammafunk_sealed_arena, layout_cave_pools, zombieorc2_lemuel
D:13:     lemuel_traditional_vault, layout_basic, serial_bayou_crossing
D:14:     layout_roguey, ximxim_vaults_locker_room, trog_three_pillars_becter,
          minmay_misc_feat_doors, uniq_snorg
D:15:     grunt_enter_depths_snipers, layout_rooms, nicolae_trove_entry_columns,
          ebering_ghost_disaster_area, minivault_14, serial_shops, bzr_firewalk,
          elyvilon_altar_1
Temple:   nicolae_temple_bog_church
Lair:1:   layout_regular_city, gauntlet_entry_generic, grunt_megastairs_3,
          uniq_fannar
Lair:2:   layout_cave_pods, minmay_shoals_entry_centaurs, gammafunk_ghost_hive,
          infiniplex_staircase_pool_2
Lair:3:   layout_long_grid, guppyfry_snake_entry_garden, minivault_25,
          hellmonk_guarded_unrand_seven_league_boots, infiniplex_staircase_pool
Lair:4:   layout_cave_pods, minivault_19
Lair:5:   hangedman_lair_tendril_chambers, layout_layer_cave,
          guppyfry_lair_end_dragon, slime_entry_1,
          gammafunk_ghost_wrathful_warriors, lemuel_fruit_tree
Shoals:1: layout_shoals, nicolae_shoals_hidden_pirate_stash, uniq_jorgrun
Shoals:2: layout_shoals, nicolae_shoals_lost_giant_pillars,
          nicolae_shoals_stone_sculpture_thing, wheals_shoals_ruined_temple
Shoals:3: layout_shoals, ebering_ghost_reflecting_pool
Shoals:4: shoals_end_simple, layout_shoals, serial_shops, bzr_entry_lakeside,
          nicolae_shoals_secluded_bog
Orc:1:    layout_caves, basic_altar, rock_pile
Orc:2:    st_orc_rangers, layout_caves, basic_altar, uniq_josephine

Skill      XL: |  1  2  3  4  5  6  7  8  9 10 11 12 13 14 15 16 17 |
---------------+----------------------------------------------------+-----
Axes           | 3 4 5 7 10 11 14 15 17 18 20 21 22 | 22.6
Fighting       | 4 5 7 8 10 11 13 14 15 18 19 | 19.9
Shields        | 4 6 9 11 12 13 | 13.2
Armour         | 6 7 12 14 15 | 15.0
Evocations     | 10 | 10.0

Action                     |  1- 3 |  4- 6 |  7- 9 | 10-12 | 13-15 | 16-18 || total
---------------------------+-------+-------+-------+-------+-------+-------++-------
  Melee: War axe           |   114 |   239 |   324 |    27 |       |       ||   704
         Spear             |       |       |     4 |       |       |       ||     4
         Broad axe         |       |       |       |   519 |   941 |   554 ||  2014
         Unarmed           |       |       |       |    22 |       |       ||    22
  Throw: Dart              |       |     2 |    29 |       |       |     1 ||    32
         Boomerang         |       |       |     1 |       |       |       ||     1
 Invoke: Serpent's Lash    |       |       |       |     4 |     7 |     6 ||    17
         Heavenly Storm    |       |       |       |       |     4 |     2 ||     6
Ability: Lunge             |       |       |     7 |    18 |    71 |    45 ||   141
         Whirlwind         |       |       |     1 |    56 |   245 |    93 ||   395
         Wall Jump         |       |       |       |     2 |       |     1 ||     3
  Evoke: Wand              |       |       |       |     5 |     3 |    12 ||    20
         Lightning rod     |       |       |       |       |       |     4 ||     4
         Phantom mirror    |       |       |       |       |       |     1 ||     1
    Use: Scroll            |       |       |     9 |    18 |     4 |     7 ||    38
         Potion            |       |       |       |     2 |     2 |    10 ||    14
   Stab: Confused          |       |       |       |       |     1 |       ||     1
 Armour: Scale mail        |    44 |   102 |   151 |     8 |       |       ||   305
         Chain mail        |       |       |       |   205 |   281 |   223 ||   709
         Skin              |       |       |       |    20 |       |       ||    20
  Dodge: Dodged            |    50 |    65 |    83 |   112 |   136 |   109 ||   555
  Block: Buckler           |    40 |     4 |       |       |       |       ||    44
         Tower shield      |       |   167 |   197 |   381 |   751 |   516 ||  2012
         Reflection        |       |       |       |     9 |    63 |    45 ||   117

Levels and vault maps discovered:
D:1:      arrival_aquarium_a, layout_basic
D:2:      layout_rooms, hellmonk_ecumenical_altar_watching_god,
          guppyfry_early_orc_mine, uniq_crazy_yiuf_cottage
D:3:      layout_loops_ring, serial_undead, serial_undead_d, serial_undead_b,
          serial_undead_e, serial_undead_d, serial_undead_c, serial_undead_f,
          serial_undead_f, serial_bayou_pond_b, grunt_ministairs_14
D:4:      layout_loops_corners, gammafunk_temple_overflow_claw,
          minmay_temple_entry_trees, gammafunk_ghost_split, uniq_ijyb
D:5:      layout_gridville, vehumet_statue, serial_shops, shop,
          kennysheep_generic_room_7, uniq_pikel, uniq_edmund, uniq_grinder
D:6:      layout_basic, kennysheep_okawaru_gauntlet,
          nicolae_ossuary_entry_catacombs
D:7:      layout_gridville, hellmonk_guarded_unrand_lears, uniq_maggie
D:8:      minmay_the_grid_triangle_9x9_recursive_2
          [minmay_the_grid_triangle_9x9_prize_top_heavy,
          minmay_the_grid_triangle_9x9_shrine,
          minmay_the_grid_triangle_9x9_corrupted_corridor,
          minmay_the_grid_triangle_9x9_impossible_snake], layout_basic,
          uniq_amaemon, uniq_grum
D:9:      layout_roguey, erik_lair_orcish_takeover
D:10:     layout_roguey, lemuel_doored_altar,
          nicolae_hepliaklqana_monster_ancestors, kennysheep_mini_moat,
          serial_shops, shop, gammafunk_ghost_hydra_chop, uniq_psyche,
          uniq_nergalle
D:11:     layout_long_grid
D:12:     gammafunk_sealed_arena, layout_cave_pools, zombieorc2_lemuel
D:13:     lemuel_traditional_vault, layout_basic, serial_bayou_crossing
D:14:     layout_roguey, ximxim_vaults_locker_room, trog_three_pillars_becter,
          minmay_misc_feat_doors, uniq_snorg
D:15:     grunt_enter_depths_snipers, layout_rooms, nicolae_trove_entry_columns,
          ebering_ghost_disaster_area, minivault_14, serial_shops, bzr_firewalk,
          elyvilon_altar_1
Temple:   nicolae_temple_bog_church
Lair:1:   layout_regular_city, gauntlet_entry_generic, grunt_megastairs_3,
          uniq_fannar
Lair:2:   layout_cave_pods, minmay_shoals_entry_centaurs, gammafunk_ghost_hive,
          infiniplex_staircase_pool_2
Lair:3:   layout_long_grid, guppyfry_snake_entry_garden, minivault_25,
          hellmonk_guarded_unrand_seven_league_boots, infiniplex_staircase_pool
Lair:4:   layout_cave_pods, minivault_19
Lair:5:   hangedman_lair_tendril_chambers, layout_layer_cave,
          guppyfry_lair_end_dragon, slime_entry_1,
          gammafunk_ghost_wrathful_warriors, lemuel_fruit_tree
Shoals:1: layout_shoals, nicolae_shoals_hidden_pirate_stash, uniq_jorgrun
Shoals:2: layout_shoals, nicolae_shoals_lost_giant_pillars,
          nicolae_shoals_stone_sculpture_thing, wheals_shoals_ruined_temple
Shoals:3: layout_shoals, ebering_ghost_reflecting_pool
Shoals:4: shoals_end_simple, layout_shoals, serial_shops, bzr_entry_lakeside,
          nicolae_shoals_secluded_bog
Orc:1:    layout_caves, basic_altar, rock_pile
Orc:2:    st_orc_rangers, layout_caves, basic_altar, uniq_josephine
